TOP OF THE 1ST |
---|
Austin River Sharks batting - Pitching for Springfield Stars : RHP Kyu-pyeong Pak | Pitching: RHP Kyu-pyeong Pak | | Batting: LHB Enrico Vargas | 0-0: Ball 1-0: Ball 2-0: Called Strike 2-1: Foul Ball, location: 2F 2-2: Foul Ball, location: 2F 2-2: SINGLE (Groundball, 56S) (infield hit) | Batting: RHB Richard Coker | 0-0: Swinging Strike 0-1: Called Strike 0-2: Ball 1-2: Ball 2-2: Fly out, F5 (Popup, 5F) | Batting: LHB Greg Nelson | 0-0: Ball 1-0: Ball 2-0: Swinging Strike 2-1: Foul Ball, location: 2F 2-2: Strikes out swinging | Batting: RHB Edward Young | 0-0: Ball Enrico Vargas steals 2nd base 1-0: Ball 2-0: Called Strike 2-1: SINGLE (Groundball, 6S) (infield hit) Enrico Vargas to third | Batting: RHB Pedro Guzmán | 0-0: 3-RUN HOME RUN (Line Drive, 9D), Distance : 395 ft | Batting: RHB Tony Cruz | 0-0: Called Strike 0-1: Swinging Strike 0-2: Strikes out swinging | Top of the 1st over - 3 runs, 3 hits, 0 errors, 0 left on base; Austin 3 - Springfield 0 | BOTTOM OF THE 1ST |
---|
Springfield Stars batting - Pitching for Austin River Sharks : RHP Troy Lynn | Pitching: RHP Troy Lynn | | Batting: RHB Richard Bankhead | 0-0: Called Strike 0-1: Foul Ball, location: 2F 0-2: Ball 1-2: Strikes out swinging | Batting: LHB Mike Pearson | 0-0: SINGLE (Line Drive, 9S) | Batting: LHB Derek Davidson | 0-0: Ball Throwing error on steal attempt, E2 Mike Pearson to third 1-0: Ball 2-0: Ball 3-0: Called Strike 3-1: Called Strike 3-2: Base on Balls | Batting: LHB Felipe Guerrero | 0-0: Ball 1-0: Called Strike 1-1: Foul Ball, location: 2F 1-2: Ball 2-2: Foul Ball, location: 2F 2-2: Grounds into double play, 5-4-3 (Groundball, 5) | Bottom of the 1st over - 0 runs, 1 hit, 1 error, 1 left on base; Austin 3 - Springfield 0 | TOP OF THE 2ND |
---|
Austin River Sharks batting - Pitching for Springfield Stars : RHP Kyu-pyeong Pak | Batting: RHB Paul Swift | 0-0: Foul Ball, location: 2F 0-1: Swinging Strike 0-2: Ball 1-2: Ball 2-2: Ground out 4-3 (Groundball, 4) | Batting: LHB José Liñares | 0-0: Ball 1-0: Ball 2-0: Called Strike 2-1: Foul Ball, location: 2F 2-2: Ball 3-2: Foul Ball, location: 2F 3-2: Fly out, F9 (Flyball, 9) | Batting: RHB Andy Aiton | 0-0: Ball 1-0: Ball 2-0: Ball 3-0: Called Strike 3-1: Called Strike 3-2: Fly out, F3 (Flyball, 3D) | Top of the 2nd over - 0 runs, 0 hits, 0 errors, 0 left on base; Austin 3 - Springfield 0 | BOTTOM OF THE 2ND |
---|
Springfield Stars batting - Pitching for Austin River Sharks : RHP Troy Lynn | Batting: LHB Elliott Newell | 0-0: Foul Ball, location: 2F 0-1: Swinging Strike 0-2: Fly out, F7 (Flyball, 7LMF) | Batting: SHB António De La Cruz | 0-0: Called Strike 0-1: Foul Ball, location: 2F 0-2: SINGLE (Flyball, 7LM) | Batting: LHB Jesús Tobías | 0-0: Ball 1-0: DOUBLE (Line Drive, 7LM) António De La Cruz to third | Batting: RHB Calvin Bennett | 0-0: Foul Ball, location: 2F 0-1: Ball 1-1: Foul Ball, location: 2F 1-2: Strikes out looking | Batting: RHB Dave Henderson | 0-0: Ball 1-0: Fly out, F8 (Flyball, 78S) | Bottom of the 2nd over - 0 runs, 2 hits, 0 errors, 2 left on base; Austin 3 - Springfield 0 | TOP OF THE 3RD |
---|
Austin River Sharks batting - Pitching for Springfield Stars : RHP Kyu-pyeong Pak | Batting: LHB Enrico Vargas | 0-0: Ground out U3 (Groundball, 3) | Batting: RHB Richard Coker | 0-0: Ball 1-0: Ball 2-0: Foul Ball, location: 2F 2-1: Ball 3-1: Fly out, F3 (Line Drive, 3L) | Batting: LHB Greg Nelson | 0-0: Ball 1-0: Ball 2-0: Ball 3-0: Called Strike 3-1: Called Strike 3-2: Base on Balls | Batting: RHB Edward Young | 0-0: Foul Ball, location: 2F 0-1: SINGLE (Line Drive, 78S) Greg Nelson to second | Batting: RHB Pedro Guzmán | 0-0: Called Strike 0-1: SINGLE (Line Drive, 6M) Greg Nelson to third Edward Young to second | Batting: RHB Tony Cruz | 0-0: Foul Ball, location: 2F 0-1: Ball 1-1: Ball 2-1: Called Strike 2-2: Ball 3-2: Foul Ball, location: 2F 3-2: SINGLE (Groundball, 34D) Greg Nelson scores Edward Young to third Pedro Guzmán to second Edward Young scores Pedro Guzmán to third | Batting: RHB Paul Swift | 0-0: Fielders Choice at 2nd, 6-4 (Groundball, 6) | Top of the 3rd over - 2 runs, 3 hits, 0 errors, 2 left on base; Austin 5 - Springfield 0 | BOTTOM OF THE 3RD |
---|
Springfield Stars batting - Pitching for Austin River Sharks : RHP Troy Lynn | Batting: RHB Richard Bankhead | 0-0: Ball 1-0: Ball 2-0: Called Strike 2-1: Swinging Strike 2-2: Ball 3-2: Foul Ball, location: 2F 3-2: Base on Balls | Batting: LHB Mike Pearson | 0-0: Swinging Strike 0-1: Ball 1-1: SINGLE (Flyball, 89S) Richard Bankhead to second Runner from 2nd tries for 3rd, SAFE, throw made to third | Batting: LHB Derek Davidson | 0-0: Called Strike Mike Pearson steals 2nd base 0-1: Ball 1-1: Ball 2-1: Ball 3-1: SINGLE (Flyball, 78S) Richard Bankhead scores Mike Pearson to third | Batting: LHB Felipe Guerrero | 0-0: Called Strike 0-1: Foul Ball, location: 2F 0-2: Foul Ball, location: 2F 0-2: Ball 1-2: Reached on error, E1 (Groundball, 13S) Mike Pearson scores Derek Davidson to second | Batting: LHB Elliott Newell | 0-0: Fly out, F4 (Popup, 4) | Batting: SHB António De La Cruz | 0-0: Foul Ball, location: 2F 0-1: DOUBLE (Line Drive, 89XD) Derek Davidson scores Felipe Guerrero to third | Batting: LHB Jesús Tobías | 0-0: Ball 1-0: Called Strike 1-1: Swinging Strike 1-2: Ground out 4-3 (Groundball, 4) Felipe Guerrero scores António De La Cruz to third | Batting: RHB Calvin Bennett | 0-0: Foul Ball, location: 2F 0-1: Ball 1-1: Foul Ball, location: 2F 1-2: Foul Ball, location: 2F 1-2: Ball Wild Pitch! António De La Cruz scores 2-2: SINGLE (Groundball, 56D) | Batting: RHB Dave Henderson | 0-0: Ball 1-0: Ground out 1-3 (Groundball, P) | Bottom of the 3rd over - 5 runs, 4 hits, 1 error, 1 left on base; Austin 5 - Springfield 5 | TOP OF THE 4TH |
---|
Austin River Sharks batting - Pitching for Springfield Stars : RHP Kyu-pyeong Pak | Batting: LHB José Liñares | 0-0: Foul Ball, location: 2F 0-1: Ball 1-1: SINGLE (Flyball, 7LS) | Batting: RHB Andy Aiton | 0-0: Fielders Choice at 2nd, 5-4 (Groundball, 56) | Batting: LHB Enrico Vargas | 0-0: Called Strike 0-1: Foul Ball, location: 2F 0-2: Fly out, F4 (Line Drive, 34D) | Batting: RHB Richard Coker | 0-0: Ground out 4-3 (Groundball, 4) | Top of the 4th over - 0 runs, 1 hit, 0 errors, 1 left on base; Austin 5 - Springfield 5 | BOTTOM OF THE 4TH |
---|
Springfield Stars batting - Pitching for Austin River Sharks : RHP Troy Lynn | Batting: RHB Richard Bankhead | 0-0: Ball 1-0: SINGLE (Flyball, 89M) | Batting: LHB Mike Pearson | 0-0: Ball 1-0: Ball 2-0: Foul Ball, location: 2F 2-1: Called Strike 2-2: Ball 3-2: Base on Balls Richard Bankhead to second | Batting: LHB Derek Davidson | 0-0: Foul Ball, location: 2F 0-1: SINGLE (Groundball, 56S) (infield hit) Richard Bankhead to third Mike Pearson to second | Batting: LHB Felipe Guerrero | 0-0: Called Strike 0-1: Fly out, F7 (Flyball, 7) Runner from 3rd tags up, SCORES, throw made | Batting: LHB Elliott Newell | 0-0: Ball 1-0: Called Strike 1-1: SINGLE (Line Drive, 56) Mike Pearson to third Derek Davidson to second | Batting: SHB António De La Cruz | 0-0: SINGLE (Flyball, 78M) Mike Pearson scores Derek Davidson to third Elliott Newell to second | Pitching: RHP Carlos Hernández | | Batting: LHB Jesús Tobías | 0-0: Ball 1-0: Ball 2-0: Fielders Choice at 2nd, 3-6 (Groundball, 34) Derek Davidson scores Elliott Newell to third | Batting: RHB Calvin Bennett | Pickoff Throw to First - Error! E1 Elliott Newell scores Jesús Tobías to second 0-0: Ball 1-0: Ball 2-0: Foul Ball, location: 2F 2-1: Ball 3-1: Foul Ball, location: 2F 3-2: Ground out 4-3 (Groundball, 34) | Bottom of the 4th over - 4 runs, 4 hits, 1 error, 1 left on base; Austin 5 - Springfield 9 | TOP OF THE 5TH |
---|
Austin River Sharks batting - Pitching for Springfield Stars : RHP Kyu-pyeong Pak | Batting: LHB Greg Nelson | 0-0: SINGLE (Flyball, 89S) | Batting: RHB Edward Young | 0-0: Ball 1-0: Called Strike 1-1: Ball 2-1: Grounds into double play, 6-4-3 (Groundball, 6M) | Batting: RHB Pedro Guzmán | 0-0: Ball 1-0: Ball 2-0: Ball 3-0: Ground out 5-3 (Groundball, 56) | Top of the 5th over - 0 runs, 1 hit, 0 errors, 0 left on base; Austin 5 - Springfield 9 | BOTTOM OF THE 5TH |
---|
Springfield Stars batting - Pitching for Austin River Sharks : RHP Carlos Hernández | Batting: RHB Dave Henderson | 0-0: Called Strike 0-1: Ball 1-1: Ball 2-1: Ball 3-1: Called Strike 3-2: Strikes out swinging, 2-3 out at first. | Batting: RHB Richard Bankhead | 0-0: Foul Ball, location: 2F 0-1: Foul Ball, location: 2F 0-2: Foul Ball, location: 2F 0-2: Ball 1-2: Foul Ball, location: 2F 1-2: Ball 2-2: Ball 3-2: Strikes out swinging | Batting: LHB Mike Pearson | 0-0: Ball 1-0: Ball 2-0: Ball 3-0: Called Strike 3-1: Foul Ball, location: 2F 3-2: SINGLE (Groundball, 56D) | Batting: LHB Derek Davidson | Balk! Mike Pearson to second 0-0: Called Strike 0-1: SINGLE (Line Drive, 8RS) Mike Pearson to third Runner from 3rd tries for Home, throw and OUT! | Bottom of the 5th over - 0 runs, 2 hits, 0 errors, 1 left on base; Austin 5 - Springfield 9 | TOP OF THE 6TH |
---|
Austin River Sharks batting - Pitching for Springfield Stars : RHP Kyu-pyeong Pak | Batting: RHB Tony Cruz | 0-0: Ball 1-0: Ball 2-0: Called Strike 2-1: Fly out, F8 (Flyball, 8RS) | Batting: RHB Paul Swift | 0-0: Ball 1-0: Foul Ball, location: 2F 1-1: Swinging Strike 1-2: Ball 2-2: Strikes out swinging | Batting: LHB José Liñares | 0-0: DOUBLE (Groundball, 5L) | Batting: RHB Andy Aiton | 0-0: Swinging Strike 0-1: Called Strike 0-2: Ball 1-2: Ball 2-2: Foul Ball, location: 2F 2-2: Ball 3-2: SINGLE (Flyball, 9LS) José Liñares to third José Liñares scores | Batting: LHB Enrico Vargas | 0-0: Called Strike 0-1: Ball 1-1: Foul Ball, location: 2F 1-2: Ground out 4-3 (Groundball, 4) | Top of the 6th over - 1 run, 2 hits, 0 errors, 1 left on base; Austin 6 - Springfield 9 | BOTTOM OF THE 6TH |
---|
Springfield Stars batting - Pitching for Austin River Sharks : RHP Carlos Hernández | Batting: LHB Felipe Guerrero | 0-0: Foul Ball, location: 2F 0-1: Foul Ball, location: 2F 0-2: Ball 1-2: Ground out U3 (Groundball, 34S) | Batting: LHB Elliott Newell | 0-0: Ball 1-0: Ground out 4-3 (Groundball, 4) | Batting: SHB António De La Cruz | 0-0: Ball 1-0: Swinging Strike 1-1: Ground out 5-3 (Groundball, 5) | Bottom of the 6th over - 0 runs, 0 hits, 0 errors, 0 left on base; Austin 6 - Springfield 9 | TOP OF THE 7TH |
---|
Austin River Sharks batting - Pitching for Springfield Stars : RHP Kyu-pyeong Pak | Pitching: RHP Luis Cortéz | | Batting: RHB Richard Coker | 0-0: Ball 1-0: Ball 2-0: Ball 3-0: Called Strike 3-1: Called Strike 3-2: Base on Balls | Batting: LHB Greg Nelson | 0-0: Fly out, F8 (Flyball, 8LM) | Batting: RHB Edward Young | 0-0: Ball 1-0: Reached on error, E1 (Groundball, 13S) Richard Coker to second | Batting: RHB Pedro Guzmán | 0-0: Fly out, F9 (Flyball, 9LS) | Batting: RHB Tony Cruz | 0-0: Foul Ball, location: 2F 0-1: Ball 1-1: Ball 2-1: Swinging Strike 2-2: Foul Ball, location: 2F 2-2: Strikes out swinging | Top of the 7th over - 0 runs, 0 hits, 1 error, 2 left on base; Austin 6 - Springfield 9 | BOTTOM OF THE 7TH |
---|
Springfield Stars batting - Pitching for Austin River Sharks : RHP Carlos Hernández | Batting: LHB Jesús Tobías | 0-0: Called Strike 0-1: Ball 1-1: Ground out 4-3 (Groundball, 34) | Batting: RHB Calvin Bennett | 0-0: Ball 1-0: Foul Ball, location: 2F 1-1: Ball 2-1: Foul Ball, location: 2F 2-2: Fly out, F7 (Flyball, 78XD) | Batting: RHB Dave Henderson | 0-0: Ball 1-0: Foul Ball, location: 2F 1-1: Ball 2-1: Ball 3-1: Fly out, F9 (Flyball, 9D) | Bottom of the 7th over - 0 runs, 0 hits, 0 errors, 0 left on base; Austin 6 - Springfield 9 | TOP OF THE 8TH |
---|
Austin River Sharks batting - Pitching for Springfield Stars : RHP Luis Cortéz | Batting: RHB Paul Swift | 0-0: Foul Ball, location: 2F 0-1: Called Strike 0-2: Ball 1-2: Strikes out swinging | Batting: LHB José Liñares | 0-0: Swinging Strike 0-1: Ball 1-1: Foul Ball, location: 2F 1-2: Ball 2-2: Foul Ball, location: 2F 2-2: Ball 3-2: Fly out, F3 (Line Drive, 34) | Batting: RHB Andy Aiton | 0-0: Ball 1-0: Ball 2-0: Ball 3-0: Called Strike 3-1: SINGLE (Groundball, 56) (infield hit) | Pitching: RHP José Valdéz | | Batting: LHB Enrico Vargas | 0-0: Ball 1-0: Ball 2-0: Ground out 4-3 (Groundball, 4S) | Top of the 8th over - 0 runs, 1 hit, 0 errors, 1 left on base; Austin 6 - Springfield 9 | BOTTOM OF THE 8TH |
---|
Springfield Stars batting - Pitching for Austin River Sharks : RHP Carlos Hernández | Batting: RHB Richard Bankhead | 0-0: Called Strike 0-1: Ball 1-1: Ground out U3 (Groundball, 3) | Batting: LHB Mike Pearson | 0-0: Ball 1-0: Ground out 5-3 (Groundball, 56) | Batting: LHB Derek Davidson | 0-0: Called Strike 0-1: SOLO HOME RUN (Line Drive, 89XD), Distance : 406 ft | Batting: LHB Felipe Guerrero | 0-0: Fly out, F9 (Flyball, 9S) | Bottom of the 8th over - 1 run, 1 hit, 0 errors, 0 left on base; Austin 6 - Springfield 10 | TOP OF THE 9TH |
---|
Austin River Sharks batting - Pitching for Springfield Stars : RHP José Valdéz | Batting: RHB Richard Coker | 0-0: Ball 1-0: Ball 2-0: Swinging Strike 2-1: Foul Ball, location: 2F 2-2: Ball 3-2: Strikes out swinging | Batting: LHB Greg Nelson | 0-0: Ball 1-0: SINGLE (Line Drive, 6MD) | Batting: RHB Edward Young | 0-0: Ball 1-0: Ball 2-0: Ball 3-0: Called Strike 3-1: Foul Ball, location: 2F 3-2: Strikes out swinging | Batting: RHB Pedro Guzmán | 0-0: Ball 1-0: Foul Ball, location: 2F 1-1: Foul Ball, location: 2F 1-2: Fly out, F7 (Flyball, 78D) | Top of the 9th over - 0 runs, 1 hit, 0 errors, 1 left on base; Austin 6 - Springfield 10 | |